 Dungeon Crawl Stone Soup version 0.31.0-32-g396128a36d (webtiles) character file.

Game seed: 5356845737807867753

62208 Logoto the Tortoise (level 14, -12/135 HPs)
             Began as a Minotaur Berserker on Apr 5, 2024.
             Was a High Priest of Trog.
             Killed from afar by a kobold blastminer (37 damage)
             ... with an iron shot
             ... on level 2 of the Orcish Mines.
             The game lasted 01:03:16 (21889 turns).

Logoto the Tortoise (Minotaur Berserker)           Turns: 21889, Time: 01:03:16

Health: -12/135    AC: 28    Str: 34    XL:     14   Next: 63%
Magic:  13/13      EV: 10    Int:  4    God:    Trog [*****.]
Gold:   2689       SH:  5    Dex:  9    Spells: 13/13 levels left

rFire   . . .        F - +1 executioner's axe (heavy)
rCold   . . .        (shield currently unavailable)
rNeg    . . .        J - +0 plate armour
rPois   .            (helmet restricted)
rElec   .            (no cloak)
rCorr   .            Q - +1 pair of gloves
SInv    .            N - +2 pair of boots {Fly}
Will    +....        O - amulet of reflection Stlth
                     l - +4 ring of protection
HPRegen 0.42/turn    o - +6 ring of strength
MPRegen 0.13/turn

%: reflection
@: about to teleport, on berserk cooldown, flying, slowed, very slow
A: horns 2, retaliatory headbutt
a: Renounce Religion, Berserk, Trog's Hand, Brothers in Arms


You were on level 2 of the Orcish Mines.
You worshipped Trog.
Trog was extremely pleased with you.
You visited 3 branches of the dungeon, and saw 17 of its levels.
You also visited: Sewer and Bailey.

You collected 2689 gold pieces.

Inventory:

Hand Weapons
 c - a +2 heavy mace
 p - a +3 heavy war axe
 B - a +2 vampiric whip
 C - a +1 antimagic hand axe
 F - a +1 heavy executioner's axe (weapon)
Missiles
 i - 38 poisoned darts (quivered)
 t - 2 throwing nets
 H - a curare-tipped dart
Armour
 J - a +0 plate armour (worn)
 N - a +2 pair of boots of flying (worn)
 Q - a +1 pair of gloves (worn)
Jewellery
 l - a +4 ring of protection (left hand)
 o - a +6 ring of strength (right hand)
 u - a ring of positive energy
 y - a ring of poison resistance
 G - a ring of poison resistance
 O - an amulet of reflection (around neck)
 U - an amulet of regeneration
Wands
 n - a wand of iceblast (5)
 r - a wand of quicksilver (15)
 x - a wand of flame (44)
 K - a wand of polymorph (4)
 V - a wand of paralysis (4)
Scrolls
 b - 2 scrolls of fog
 d - a scroll of revelation
 k - 2 scrolls of identify
 q - a scroll of silence
 s - a scroll of acquirement {unknown}
 v - 4 scrolls of poison
 A - a scroll of enchant armour
 I - a scroll of amnesia {unknown}
 L - a scroll of enchant weapon {unknown}
 R - a scroll of butterflies
 S - a scroll of fear {unknown}
Potions
 a - 4 potions of haste
 e - 14 potions of curing
 f - 3 potions of heal wounds
 g - 3 potions of invisibility
 h - 2 potions of lignification
 j - 4 potions of mutation
 m - 10 potions of enlightenment
 E - 2 potions of ambrosia
 W - a potion of resistance
 Z - 2 potions of attraction
Miscellaneous
 w - a lightning rod (4/4)


   Skills:
 * Level 15.2 Fighting
 * Level 14.6(17.3) Axes
 - Level 13.3(16.1) Maces & Flails
 + Level 7.7(12.1) Polearms
 * Level 17.2 Armour
 + Level 4.3 Dodging
 + Level 1.4 Stealth
 + Level 1.4 Shields


You had 13 spell levels left.
You didn't know any spells.
Your spell library was empty.

Dungeon Overview and Level Annotations

Branches:
Dungeon (10/15)            Temple (0/1) D:5            Lair (5/5) D:10
 Shoals (0/4) Lair:3        Snake (0/4) Lair:3        Slime (0/5) Lair:4
    Orc (2/2) D:10            Elf (0/3) Orc:2         Sewer (visited)
 Bailey (visited)

Altars:
Dithmenos
Hepliaklqana
Makhleb
Okawaru
Ru
Uskayaw
Vehumet
Wu Jian
Xom
Yredelemnul

Annotations:
Lair:4 1 runed translucent door


Innate Abilities, Weirdness & Mutations

You have a pair of horns on your head.
You reflexively headbutt those who attack you in melee.


Message History

You are exhausted.
You feel yourself slow down.
The kobold blastminer unwields a +0 arbalest.
The kobold blastminer hits you but does no damage.
The kobold blastminer blasts its cannon at you.
The iron shot hits you!
The kobold blastminer is knocked back by the blast.
An orc sorcerer comes into view.
It is wielding a +1 dagger of holy wrath.
The orc sorcerer shouts!
An orc warrior comes into view. It is wielding a +0 flail.
An orc wizard comes into view. It is wielding a +0 dagger.
The orc sorcerer gestures wildly while chanting.
An orc high priest comes into view. It is wielding a +0 trident.
The kobold blastminer blasts its cannon at you.
The iron shot hits you!
The orc warrior moves out of view.
The kobold blastminer wields a +0 arbalest.
The kobold blastminer shoots a bolt.
The bolt hits you but does no damage.
You hear a shout!
The kobold blastminer blasts its cannon at you.
The iron shot hits you!!
* * * LOW HITPOINT WARNING * * *
You hear a shout!
As you read the scroll of teleportation, it crumbles to dust.
You feel strangely unstable.
You feel much better. The orc warrior barely misses you.
You furiously retaliate!
You headbutt the orc warrior!
Your surroundings seem slightly different.
The orc high priest invokes the aid of Beogh against you.
Beogh smites you!
The orc high priest utters an invocation to Beogh.
The kobold blastminer shoots a bolt.
The bolt hits you!
* * * LOW HITPOINT WARNING * * *
The orc high priest calls down the wrath of Beogh upon you.
Beogh smites you!
* * * LOW HITPOINT WARNING * * *
As you read the scroll of teleportation, it crumbles to dust.
You feel strangely unstable.
The kobold blastminer blasts its cannon at you.
The iron shot hits you!!!
You die...

##
#.###....#..####
####....#....#
##....#..##
#..))[...#
##...).)##
##...))).##
###.........#
##........#.##
#...@........#
##..o.......##
#....4.##...#
#.......#####
#....).K4.##
#.....)oo4.##
#######)....##
###....# ##...#


You could see an orc high priest, 2 rust devils, a kobold blastminer, an orc
sorcerer, a red devil (summoned) and an orc warrior.

Vanquished Creatures
  Nessos (Lair:3)
  Fannar (Lair:1)
  2 hydras
  A catoblepas (Lair:5)
  3 two-headed ogres
  A tengu warrior (D:7)
  6 death yaks
  A centaur warrior (D:7)
  A deep troll shaman (Lair:5)
  3 orc high priests
  A skyshark (Lair:5)
  Nergalle (Lair:3)
  A lindwurm (Lair:5)
  The ghost of middlethird the Thaumaturge, a novice VSIE of the Shining One (D:7)
  8 orc knights
  Maurice (Orc:1)
  A cyclops (Orc:1)
  A manticore (D:7)
  3 orc sorcerers
  5 elephants (Lair:5)
  A kobold blastminer (Orc:2)
  A water nymph (Lair:3)
  8 black mambas
  A gargoyle (D:7)
  Maggie (Lair:2)
  14 cane toads
  2 torpor snails
  9 komodo dragons
  3 rime drakes
  4 trolls
  3 polar bears
  Grinder (D:4)
  2 hornets
  11 dream sheep
  15 blink frogs
  2 shadows
  64 yaks
  A vampire (D:9)
  4 wyverns
  4 wraiths
  2 steam dragons (D:7)
  2 wargs (Orc:2)
  4 basilisks
  3 acid dragons
  12 water moccasins
  4 black bears
  31 orc warriors
  5 sky beasts
  7 ice beasts
  8 ogres
  4 wolves
  5 centaurs
  3 kobold brigands
  13 bullfrogs
  5 scorpions
  3 gnoll sergeants
  5 wights
  2 howler monkeys
  3 bombardier beetles
  7 hounds
  3 jellies
  18 orc priests
  Crazy Yiuf (D:2)
  3 gnoll boudas
  A sleepcap (D:6)
  A hell rat (D:10)
  3 iguanas
  18 orc wizards
  11 gnolls
  12 adders
  5 river rats
  A shadow imp (D:6)
  2 white imps
  An ufetubus (D:7)
  2 ribbon worms
  3 dart slugs
  74 orcs
  4 endoplasms
  5 giant cockroaches
  12 goblins
  6 hobgoblins
  4 jackals (Sewer)
  30 kobolds
  6 quokkas
  11 ball pythons
  15 bats
  3 frilled lizards
  12 rats
589 creatures vanquished.

Vanquished Creatures (others)
  An orc wizard (Orc:1)
  An orc (Orc:1)
2 creatures vanquished.

Grand Total: 591 creatures vanquished

Notes
Turn   | Place    | Note
-------+----------+-------------------------------------------
     0 | D:1      | Logoto the Minotaur Berserker began the quest for the Orb.
     0 | D:1      | Reached XP level 1. HP: 19/19 MP: 0/0
   108 | D:1      | Reached XP level 2. HP: 27/27 MP: 1/1
   617 | D:2      | Reached ** piety under Trog
   621 | D:2      | Reached XP level 3. HP: 34/34 MP: 2/2
  1079 | D:2      | Found a runed translucent door.
  1080 | D:2      | Noticed Crazy Yiuf
  1089 | D:2      | Killed Crazy Yiuf
  1326 | D:3      | Reached skill level 3 in Armour
  1326 | D:3      | Reached XP level 4. HP: 36/41 MP: 3/3
  1366 | D:3      | Found an iron altar of Okawaru.
  1405 | D:3      | Found a faded altar of an unknown god.
  1580 | D:3      | Found a glowing drain.
  1606 | Sewer    | Entered a sewer
  1848 | Sewer    | Reached skill level 5 in Axes
  1946 | Sewer    | Reached XP level 5. HP: 47/47 MP: 4/4
  1990 | Sewer    | Reached skill level 5 in Fighting
  2629 | D:3      | Reached skill level 4 in Armour
  2701 | D:3      | Reached *** piety under Trog
  2850 | D:4      | Noticed a black bear
  2855 | D:4      | Reached XP level 6. HP: 51/56 MP: 5/5
  2871 | D:3      | Reached skill level 5 in Armour
  3208 | D:4      | Reached XP level 7. HP: 60/61 MP: 6/6
  3251 | D:4      | Noticed Grinder
  3259 | D:4      | Paralysed by Grinder for 5 turns
  3266 | D:4      | Killed Grinder
  3267 | D:4      | Reached skill level 6 in Armour
  3527 | D:4      | Found a hazy altar of Hepliaklqana.
  3528 | D:4      | Found a shimmering altar of Xom.
  3528 | D:4      | Noticed a yak
  3529 | D:4      | Noticed a spectral ugly thing
  3529 | D:4      | Noticed a yak
  3529 | D:4      | Noticed a yak
  3716 | D:4      | Found a basalt altar of Yredelemnul.
  3836 | D:5      | Entered Level 5 of the Dungeon
  3856 | D:5      | Found a shadowy altar of Dithmenos.
  4024 | D:5      | Found a staircase to the Ecumenical Temple.
  4154 | D:5      | Reached XP level 8. HP: 59/70 MP: 2/7
  4238 | D:5      | Reached skill level 7 in Armour
  4809 | D:6      | Reached skill level 1 in Stealth
  5125 | D:6      | Reached skill level 8 in Armour
  5202 | D:6      | Reached **** piety under Trog
  5203 | D:6      | Found a burning altar of Makhleb.
  5292 | D:6      | Found a radiant altar of Vehumet.
  5559 | D:6      | Reached XP level 9. HP: 79/79 MP: 2/8
  5808 | D:7      | Reached skill level 9 in Armour
  5853 | D:7      | Found a large runed translucent door.
  5853 | D:7      | Found a large runed translucent door.
  5856 | D:7      | Noticed middlethird's ghost (novice VSIE)
  5868 | D:7      | Found an ornate altar of the Wu Jian Council.
  5900 | D:7      | Found a hide-covered altar of Uskayaw.
  5903 | D:7      | Noticed a +0 dagger
  5903 | D:7      | Noticed a +0 dagger
  5921 | D:7      | Reached skill level 10 in Axes
  6202 | D:7      | Noticed a manticore
  6215 | D:7      | Killed a manticore
  6216 | D:7      | Reached skill level 1 in Polearms
  6372 | D:7      | Reached skill level 10 in Armour
  6677 | D:7      | Reached XP level 10. HP: 51/90 MP: 9/9
  6687 | D:7      | Noticed a tengu warrior
  6693 | D:7      | Killed a tengu warrior
  6788 | D:7      | Noticed a gargoyle
  6792 | D:7      | Killed a gargoyle
  6793 | D:7      | Reached skill level 11 in Armour
  7016 | D:7      | Reached skill level 5 in Polearms
  7355 | D:7      | Noticed a centaur warrior
  7365 | D:7      | Killed a centaur warrior
  7366 | D:7      | Reached skill level 10 in Fighting
  7693 | D:7      | Reached skill level 1 in Maces & Flails
  7795 | D:7      | Killed middlethird's ghost
  7796 | D:7      | Reached XP level 11. HP: 101/101 MP: 10/10
  7885 | D:8      | Found a sacrificial altar of Ru.
  9420 | D:9      | Identified the +4 ring mail of Inaction {Dex+2}
  9565 | D:9      | Reached skill level 12 in Armour
  9565 | D:9      | Noticed a two-headed ogre
  9570 | D:9      | Killed a two-headed ogre
  9601 | D:9      | Found a flagged portal.
  9611 | Bailey   | Entered a bailey
  9652 | Bailey   | Noticed an orc knight
  9667 | Bailey   | Killed an orc knight
  9668 | Bailey   | Reached skill level 5 in Maces & Flails
 10077 | D:9      | Noticed a two-headed ogre
 10085 | D:9      | Killed a two-headed ogre
 10611 | D:10     | Entered Level 10 of the Dungeon
 10611 | D:10     | Found a staircase to the Orcish Mines.
 11175 | D:10     | Noticed a two-headed ogre
 11179 | D:10     | Killed a two-headed ogre
 11246 | D:10     | Noticed a death yak
 11267 | D:10     | Killed a death yak
 11268 | D:10     | Reached skill level 13 in Armour
 11460 | D:10     | Noticed a death yak
 11460 | D:10     | Noticed a death yak
 11468 | D:10     | Killed a death yak
 11469 | D:10     | Reached XP level 12. HP: 110/110 MP: 11/11
 11472 | D:10     | Killed a death yak
 11558 | D:10     | Found a staircase to the Lair.
 11757 | Lair:1   | Entered Level 1 of the Lair of Beasts
 12091 | Lair:1   | Reached skill level 14 in Armour
 12472 | Lair:1   | Noticed Fannar
 12491 | Lair:1   | Reached skill level 10 in Maces & Flails
 12500 | Lair:1   | Killed Fannar
 13248 | Lair:2   | Reached ***** piety under Trog
 13489 | Lair:2   | Reached skill level 15 in Armour
 13848 | Lair:2   | Reached XP level 13. HP: 95/119 MP: 12/12
 14086 | Lair:2   | Noticed Maggie
 14102 | Lair:2   | Killed Maggie
 14331 | Lair:2   | You are sucked into a shaft and drop 1 floor!
 14799 | Lair:3   | Noticed Nessos
 15168 | Lair:3   | Killed Nessos
 15710 | Lair:3   | Noticed Nergalle
 15719 | Lair:3   | Killed Nergalle
 15911 | Lair:3   | Found a staircase to the Snake Pit.
 16653 | Lair:4   | Reached skill level 16 in Armour
 16730 | Lair:4   | Identified the +0 scale mail "Jaucw" {Rampage rF+ Str+6}
 16982 | Lair:4   | Found a runed translucent door.
 16996 | Lair:4   | Received a gift from Trog
 17048 | Lair:4   | Found a staircase to the Slime Pits.
 17048 | Lair:4   | Noticed an acid blob
 17048 | Lair:4   | Noticed an acid blob
 17338 | Lair:5   | Entered Level 5 of the Lair of Beasts
 17947 | Lair:5   | Reached XP level 14. HP: 133/133 MP: 13/13
 18380 | Lair:5   | Reached skill level 17 in Armour
 19053 | Orc:1    | Entered Level 1 of the Orcish Mines
 19245 | Orc:1    | Noticed Maurice
 19276 | Orc:1    | Something stole 66 gold
 19277 | Orc:1    | Something stole a +2 heavy mace
 19283 | Orc:1    | Killed Maurice
 19612 | Orc:1    | Reached skill level 1 in Shields
 20269 | Orc:2    | Entered Level 2 of the Orcish Mines
 20659 | Orc:2    | Reached skill level 15 in Fighting
 21325 | Orc:2    | Found a staircase to the Elven Halls.
 21746 | Orc:2    | Received a gift from Trog
 21889 | Orc:2    | Killed from afar by a kobold blastminer

Illustrated notes

Levels and vault maps discovered:
D:1:      moated_graveyard_arrival, layout_loops_ring
D:2:      layout_loops_cross, uniq_crazy_yiuf_cottage
D:3:      layout_loops_ring, okawaru_trees_2,
          shapermc_ecumenical_altar_notcrosses, portal_sewer_entry_a, hex_tiny
D:4:      layout_cave_pods, mainiacjoe_overflow_paths,
          regret_index_temple_of_mockery, minmay_misc_feat_rugged,
          minmay_joined_circles, uniq_grinder
D:5:      layout_basic, grunt_dithmenos_smoke_and_mirrors,
          minmay_temple_entry_glass, minmay_fountain_box
D:6:      layout_loops_cross, makhleb_heckhound_becter,
          mainiacjoe_overflow_chevrons
D:7:      nzn_winding_woodlands_large [nzn_winding_woodlands_5x5_checkerboard,
          nzn_winding_woodlands_5x15_sidewinder,
          nzn_winding_woodlands_5x5_perimeter,
          nzn_winding_woodlands_center_pierced_h,
          nzn_winding_woodlands_15x15_killbox,
          nzn_winding_woodlands_center_garden, nzn_winding_woodlands_5x5_three,
          nzn_winding_woodlands_5x15_pockets,
          nzn_winding_woodlands_5x5_default], layout_basic,
          mainiacjoe_overflow_24_doors, dancing_weapons_uskayaw,
          ebering_ghost_disaster_area, hangedman_decor_slide_cut,
          grunt_decor_one_mirror, nrook_uturn, hangedman_decor_push
D:8:      layout_layer_cave, overflow_temple_1_default, minmay_misc_feat_square
D:9:      layout_cave_pools, enter_bailey_5
D:10:     layout_rooms, dpeg_lair_monsters, orc_0_dummy
Lair:1:   layout_loops_ring, uniq_fannar
Lair:2:   layout_chaotic_city, lemuel_fruit_fields, grunt_megastairs_2,
          uniq_maggie
Lair:3:   layout_loops_ring, nicolae_shoals_entry_flooding, dummy_snake_entry,
          uniq_nergalle, uniq_nessos
Lair:4:   layout_gridlike, slime_entry_2, pdpol_lair_neglected_garden
Lair:5:   grunt_lair_end_beastmaster, layout_big_grid,
          infiniplex_staircase_pool_2
Orc:1:    layout_caves, minmay_orc_temple_a, uniq_maurice
Orc:2:    grunt_orc_tribal_feast, layout_diamond_mine

Skill      XL: |  1  2  3  4  5  6  7  8  9 10 11 12 13 14 |
---------------+-------------------------------------------+-----
Axes           | 4 5 6 8 9 10 11 12 14 | 14.6
Fighting       | 4 5 6 7 8 10 11 12 14 15 | 15.2
Armour         | 3 4 5 6 8 10 11 13 15 16 17 | 17.2
Dodging        | 3 4 |  4.3
Stealth        | 1 |  1.4
Polearms       | 3 7 |  7.7
Maces & Flails | 1 8 11 13 | 13.3
Shields        | 1 |  1.4

Action                     |  1- 3 |  4- 6 |  7- 9 | 10-12 | 13-15 || total
---------------------------+-------+-------+-------+-------+-------++-------
  Melee: Hand axe          |    49 |   169 |   166 |       |    23 ||   407
         Headbutt          |     9 |    16 |    42 |    93 |    82 ||   242
         Punch             |     1 |     3 |     2 |     6 |     2 ||    14
         Whip              |       |       |     9 |       |       ||     9
         Trident           |       |       |    77 |    96 |       ||   173
         Mace              |       |       |       |   407 |   174 ||   581
         Executioner's axe |       |       |       |       |   262 ||   262
 Invoke: Berserk           |     2 |     4 |    11 |    28 |    29 ||    74
    Use: Scroll            |       |       |     9 |       |    14 ||    23
         Potion            |       |       |     1 |       |     1 ||     2
 Armour: Animal skin       |    28 |       |       |       |       ||    28
         Chain mail        |     8 |   171 |   194 |   109 |       ||   482
         Plate armour      |       |       |       |   573 |   524 ||  1097
  Dodge: Dodged            |    32 |   119 |   135 |   286 |   251 ||   823
  Block: Other             |       |       |       |       |    63 ||    63
         Reflection        |       |       |       |       |     1 ||     1
